 Dungeon Crawl Stone Soup version 0.27.1-4-g1640c2035a (webtiles) character file.

Game seed: 3971928159214932410

86 zeram the Sneak (level 4, -1/25 HPs)
             Began as a Deep Elf Brigand on Nov 18, 2021.
             Killed from afar by an orc wizard (12 damage)
             ... with a puff of flame
             ... on level 3 of the Dungeon.
             The game lasted 00:04:29 (2094 turns).

zeram the Sneak (Deep Elf Brigand)                  Turns: 2094, Time: 00:04:30

Health: -1/25      AC:  3    Str:  8    XL:     4   Next: 26%
Magic:  0/6        EV: 12    Int: 17    God:
Gold:   83         SH:  0    Dex: 16    Spells: 3/3 levels left

rFire    . . .     SeeInvis .   a - +2 dagger
rCold    . . .     Faith    .   (no shield)
rNeg     + . .     Spirit   +   b - +0 robe
rPois    .         Reflect  .   (no helmet)
rElec    .         Harm     .   c - +0 cloak
rCorr    .         Rampage  .   (no gloves)
Will     .....                  (no boots)
Stlth    ++++......             i - amulet of guardian spirit
HPRegen  0.08/turn              j - ring of positive energy
MPRegen  0.10/turn              (no ring)

@: studying Stealth
A: no striking features
a: no special abilities


You were on level 3 of the Dungeon.
You visited 1 branch of the dungeon, and saw 3 of its levels.

You collected 83 gold pieces.

Inventory:

Hand Weapons
 a - a +2 dagger (weapon)
Missiles
 d - 11 poisoned darts (quivered)
 e - 2 curare-tipped darts
Armour
 b - a +0 robe (worn)
 c - a +0 cloak (worn)
Jewellery
 i - an amulet of guardian spirit (around neck)
 j - a ring of positive energy (left hand)
Potions
 f - a potion of heal wounds
 g - a potion of flight {unknown}
 k - a potion of curing {unknown}
 p - 2 potions of brilliance


   Skills:
 - Level 1.5 Fighting
 - Level 2.0 Short Blades
 - Level 2.0 Throwing
 + Level 1.3 Dodging
 + Level 7.4 Stealth


You had 3 spell levels left.
You didn't know any spells.
Your spell library was empty.

Dungeon Overview and Level Annotations

Branches:
Dungeon (3/15)

Altars:

Annotations:
D:3 Ijyb


Message History

You aren't carrying any scrolls.
A giant cockroach comes into view.
A giant cockroach is nearby!
A giant cockroach is nearby!
No target in view!
No target in view!
No target in view!
No target in view!
HP restored.
Found a stone staircase leading up.
No target in view!
No target in view!
No target in view!
No target in view!
An orc wizard is nearby!
The orc wizard shouts!
You hit the orc wizard but do no damage.
The orc wizard mumbles some strange words.
The orc wizard flickers and vanishes!
Deactivating autopickup; reactivate with Ctrl-A.
The orc wizard hits you with a +0 dagger.
You barely miss the orc wizard. The orc wizard closely misses you.
You closely miss the orc wizard.
You don't know any spells.
You closely miss the orc wizard.
The orc wizard hits you with a +0 dagger.
You completely miss the orc wizard.
The orc wizard hits you with a +0 dagger.
You hear some strange, mumbled words.
A puff of flame appears from out of thin air!
The puff of flame hits you!
You hit the orc wizard but do no damage.
The orc wizard hits you with a +0 dagger.
You hear some strange, mumbled words.
A magic dart appears from out of thin air!
The magic dart hits you.
You hear some strange, mumbled words.
A puff of flame appears from out of thin air!
The puff of flame hits you!
You die...

###### ## #....# #.
#....# #.
#######..).####.
#.....#......##.
#########...............
#......@......#>...##.<.
#....{o##.....#.##......
#.....######.#..###...#.
#####. #.#.#........ ..
#.#.#.#...... ...
#<#......#... ....
#..........#. .....
♣♣♣.......#. ......
♣.........


You could see an orc wizard.

Vanquished Creatures
  3 adders
  A worm (D:3)
  A dart slug (D:2)
  An orc (D:3)
  3 endoplasms
  2 giant cockroaches
  7 goblins
  4 hobgoblins
  2 jackals (D:1)
  2 kobolds
  2 quokkas (D:1)
  7 ball pythons
  7 bats
  3 frilled lizards
  5 rats
50 creatures vanquished.

Vanquished Creatures (others)
  10 plants (D:3)
10 creatures vanquished.

Grand Total: 60 creatures vanquished

Notes
Turn   | Place    | Note
-------+----------+-------------------------------------------
     0 | D:1      | zeram the Deep Elf Brigand began the quest for the Orb.
     0 | D:1      | Reached XP level 1. HP: 12/12 MP: 3/3
    52 | D:1      | Reached skill level 5 in Stealth
   126 | D:1      | Reached XP level 2. HP: 13/16 MP: 4/4
   606 | D:1      | Reached skill level 6 in Stealth
   784 | D:2      | Reached XP level 3. HP: 16/20 MP: 5/5
   996 | D:2      | Found a faded altar of an unknown god.
  1367 | D:2      | Reached skill level 7 in Stealth
  1467 | D:3      | Reached XP level 4. HP: 23/25 MP: 6/6
  1540 | D:3      | Identified a scroll of acquirement
  1540 | D:3      | Acquired a manual of Stealth
  1562 | D:3      | Noticed Ijyb
  2094 | D:3      | Killed from afar by an orc wizard

Illustrated notes

Levels and vault maps discovered:
D:1:      lightli_arrival_isolated_outpost, layout_loops_ring
D:2:      layout_rooms, shapermc_ecumenical_altar_mp_ritualfount,
          nrook_campfire, chequers_serial_rivers_micro_b,
          amcnicky_mini_rare_corridor_liquid, grunt_decor_junction,
          roderic_malta_cross
D:3:      wad_lake_hut, layout_rooms, mainiacjoe_overflow_alcove_1,
          chequers_serial_rivers_micro_b, uniq_ijyb

Skill      XL: |  1  2  3 |
---------------+----------+-----
Stealth        | 5 6 7 |  7.4
Fighting       | |  1.5
Short Blades   | |  2.0
Throwing       | |  2.0
Dodging        | |  1.3

Action                   |  1- 3 |  4- 6 || total
-------------------------+-------+-------++-------
Melee: Dagger            |    87 |    41 ||   128
Throw: Dart              |       |     5 ||     5
  Use: Scroll            |       |     6 ||     6
       Potion            |       |     1 ||     1
 Stab: Sleeping          |    31 |     1 ||    32
       Distracted        |     1 |       ||     1
Armor: Robe              |    16 |    15 ||    31
Dodge: Dodged            |    31 |    33 ||    64
